 Dungeon Crawl Stone Soup version 0.30-a0-840-ga523dec638 (webtiles) character file.

Game seed: 8855458142611461358

72 iguanaiguana the Digger (level 4, -7/33 (35) HPs)
             Began as an Armataur Earth Elementalist on Mar 2, 2023.
             Was an Initiate of Cheibriados.
             Mangled by a wight
             ... wielding a +5 long sword
              (8 damage)
             ... on level 6 of the Dungeon.
             The game lasted 00:05:33 (431 turns).

iguanaiguana the Digger (AtEE)                       Turns: 431, Time: 00:05:33

HP:   -7/33 (35)    AC:  4    Str: 15    XL:     4   Next: 6%
MP:   3/6           EV:  9    Int: 18    God:    Cheibriados [......]
Gold: 37            SH:  0    Dex: 11    Spells: 3/6 levels left

rFire   . . .      SeeInvis .    (no weapon)
rCold   . . .      Faith    .    (no shield)
rNeg    . . .      Spirit   .    a - +0 robe
rPois   .          Reflect  .    (no helmet)
rElec   .          Harm     .    (no cloak)
rCorr   .          Roll     +    (no gloves)
Will    .....                    (no barding)
Stlth   ++                       (no amulet)
HPRegen 0.25/turn                (no ring)
MPRegen 0.10/turn                (no ring)

@: drained, very slow
A: large, rugged brown scales 3, deformed body, armoured tail, roll, long
tongue, awkward tongue
a: Renounce Religion


You were on level 6 of the Dungeon.
You worshipped Cheibriados.
Cheibriados was noncommittal.
You visited 1 branch of the dungeon, and saw 6 of its levels.

You collected 37 gold pieces.

Inventory:

Armour
 a - a +0 robe (worn)
Scrolls
 e - a scroll of magic mapping {@r5}
 f - a scroll of enchant weapon {unknown}
Potions
 b - a potion of magic
 c - a potion of degeneration {unknown}
 d - a potion of haste {unknown}
 g - a potion of curing {unknown}
 h - a potion of mutation {unknown}


   Skills:
 - Level 1.3 Dodging
 - Level 2.1 Stealth
 - Level 1.7 Spellcasting
 - Level 0.8 Transmutations
 + Level 4.5 Earth Magic


You had 3 spell levels left.
You knew the following spells:

 Your Spells              Type           Power      Damage    Failure   Level
a - Sandblast             Erth           34%        2d9       3%          1
b - Passwall              Tmut/Erth      9%         N/A       10%         2

Your spell library contained the following spells:

 Spells                   Type           Power      Damage    Failure   Level
 Stone Arrow              Conj/Erth      18%        3d8       22%         3
 Petrify                  Tmut/Erth      11%        N/A       52%         4


Dungeon Overview and Level Annotations

Branches:
Dungeon (6/15) Zot: 40481
 Temple: D:4-7

Altars:
Cheibriados
Nemelex Xobeh


Innate Abilities, Weirdness & Mutations

You are completely covered in rugged brown scales. (AC +3, +7% HP)
Armour fits poorly on your strangely shaped body.
You have a long armoured tail.
You roll when moving toward enemies. (Rampage)
Your long tongue fully drains potion bottles. (2x potion effects)
Your tongue gives you trouble enunciating. (1.5x scroll delay)


Message History

You now have 31 gold pieces (gained 6).
There is a stone staircase leading down here.
You climb downwards.
There is a stone staircase leading up here.
Okay, then.
An orc comes into view. It is wielding a +0 flail.
There is a stone staircase leading down here.
You climb downwards.
Found 6 gold pieces.
There is a stone staircase leading up here.
Unknown command.
You now have 37 gold pieces (gained 6).
Found a mace.
A wight opens the door.
You roll towards the wight!
Casting: Sandblast (safe; 3% risk of failure)
Confirm with . or Enter, or press ? or * to list all spells.
Aiming: Sandblast (safe; 3% risk of failure)
Press: ? - help, Shift-Dir - straight line, f - wight
Aim: a wight, wielding a +5 long sword and wearing a +0 robe (wandering, hasn't noticed you, 82% to hit)
Casting: Sandblast (safe; 3% risk of failure)
Confirm with . or Enter, or press ? or * to list all spells.
Aiming: Sandblast (safe; 3% risk of failure)
Press: ? - help, Shift-Dir - straight line, f/p - wight
Aim: a wight, wielding a +5 long sword and wearing a +0 robe (82% to hit)
The wight attacks as you move away!
The wight hits you with a +5 long sword!
You see here a +0 mace.
Casting: Sandblast (safe; 3% risk of failure)
Confirm with . or Enter, or press ? or * to list all spells.
Aiming: Sandblast (safe; 3% risk of failure)
Press: ? - help, Shift-Dir - straight line, f/p - wight
Aim: a wight, wielding a +5 long sword and wearing a +0 robe (82% to hit)
A wight comes into view. It is wielding a +4 morningstar.
The wight hits you with a +5 long sword!
* * * LOW HITPOINT WARNING * * *
You feel drained.
* * * LOW HITPOINT WARNING * * *
The wight hits you with a +5 long sword!
You die...

#.<...#
#.....#
##'####
##....#
#.....#
#.....#
#.....#
##....#
##..@>#
#...z.#
#.....#
#.....#
#.....#
#####'#
.z. ...
...


You could see 2 wights.

Vanquished Creatures
  An iguana (D:4)
  3 gnolls (D:4)
  An adder (D:4)
  An endoplasm (D:3)
  A goblin (D:4)
  3 hobgoblins (D:4)
  A frilled lizard (D:3)
  A kobold (D:1)
12 creatures vanquished.

Notes
Turn   | Place    | Note
-------+----------+-------------------------------------------
     0 | D:1      | iguanaiguana the Armataur Earth Elementalist began the
                  | quest for the Orb.
     0 | D:1      | Reached XP level 1. HP: 14/14 MP: 3/3
   122 | D:4      | Reached skill level 3 in Earth Magic
   122 | D:4      | Reached XP level 2. HP: 21/21 MP: 0/4
   178 | D:4      | Found a snail-covered altar of Cheibriados.
   203 | D:4      | Reached skill level 4 in Earth Magic
   203 | D:4      | Reached XP level 3. HP: 27/27 MP: 1/5
   206 | D:4      | Learned a level 2 spell: Passwall
   232 | D:4      | Became a worshipper of Cheibriados the Contemplative
   344 | D:4      | Found a sparkling altar of Nemelex Xobeh.
   400 | D:4      | Reached XP level 4. HP: 33/35 MP: 3/6
   413 | D:5      | Entered Level 5 of the Dungeon
   431 | D:6      | HP: 1/33 [wight/+5 long sword (2)]
   431 | D:6      | Mangled by a wight

Illustrated notes

Levels and vault maps discovered:
D:1:      dpeg_arrival_pond, layout_rooms, shapermc_ecumenical_altar_ellora
D:2:      minmay_skewed_foursquare, layout_loops_ring
D:3:      layout_basic
D:4:      layout_gridville, dreamdust_divine_triumvirate,
          mainiacjoe_overflow_brackets, nemelex_spade_bored_becter,
          eino_tiny_chamber, minmay_misc_feat_tower
D:5:      kennysheep_spiral_hall, layout_basic,
          nicolae_qazlal_scattered_showers, xom_confusion_cloud,
          gammafunk_temple_overflow_forgotten, temple_statues, serial_shops,
          nicolae_shop_waterfront
D:6:      layout_gridville, pdpol_wu_jian_five_deadly_venoms,
          grunt_ministairs_13, minmay_diced_spiral

Skill      XL: |  1  2 |
---------------+-------+-----
Earth Magic    | 3 4 |  4.5
Dodging        | |  1.3
Stealth        | |  2.1
Spellcasting   | |  1.7
Transmutations | |  0.8

Action                     |  1- 3 |  4- 6 || total
---------------------------+-------+-------++-------
  Melee: Unarmed           |     1 |       ||     1
   Cast: Sandblast         |    18 |     3 ||    21
    Use: Scroll            |     1 |       ||     1
 Armour: Robe              |     1 |       ||     1

Table legend: (Time is in decaauts)
 A = Elapsed time spent in this place.
 B = Non-inter-level travel time spent in this place.
 C = Inter-level travel time spent in this place.
 D = Time resting spent in this place.
 E = Time spent auto-exploring this place.
 F = Levels seen in this place.
 G = Mean time per level.
                   A        B        C        D        E       F      G
               +--------+--------+--------+--------+--------+-----+--------+
         Total |    491 |    418 |     73 |      0 |      0 |   6 |   81.8 |
       Dungeon |    491 |    418 |     73 |      0 |      0 |   6 |   81.8 |
               +--------+--------+--------+--------+--------+-----+--------+

Top non-repeatable levels by time:
     D:4: 347 daAuts
     D:1: 56 daAuts
     D:3: 52 daAuts
     D:6: 17 daAuts
     D:2: 13 daAuts
     D:5: 4 daAuts
